 Dungeon Crawl Stone Soup version 0.31-a0-204-g7da18cac08 (webtiles) character file.

Game seed: 14713383840379738768

119 qw the Shooter (level 4, -1/25 HPs)
             Began as a Deep Elf Hunter on June 27, 2023.
             Slain by a cerulean imp
             ... wielding a +1 spear
             ... summoned by Natasha
              (5 damage)
             ... on level 3 of the Dungeon.
             The game lasted 00:00:44 (1557 turns).

qw the Shooter (Deep Elf Hunter)                    Turns: 1557, Time: 00:00:44

Health: -1/25      AC:  9    Str: 10    XL:     4   Next: 74%
Magic:  6/6        EV:  8    Int: 14    God:
Gold:   100        SH:  0    Dex: 18    Spells: 3/3 levels left

rFire   . . .        Y - +0 shortbow
rCold   + . .        (shield currently unavailable)
rNeg    . . .        j - +0 ice dragon scales
rPois   .            (no helmet)
rElec   .            (no cloak)
rCorr   .            (no gloves)
SInv    .            (no boots)
Will    .....        (no amulet) Stlth
                     k - ring of fire
HPRegen 0.24/turn    (no ring)
MPRegen 0.10/turn

%: no passive effects
@: slowed, very slow
A: deterioration 1
a: no special abilities


You were on level 3 of the Dungeon.
You visited 1 branch of the dungeon, and saw 3 of its levels.

You collected 100 gold pieces.


Innate Abilities, Weirdness & Mutations

Your body sometimes deteriorates upon taking damage.


   Skills:
 - Level 1.5 Fighting
 + Level 7.7 Ranged Weapons
 - Level 1.2 Armour
 - Level 2.4 Dodging
 - Level 1.2 Stealth


You had 3 spell levels left.
You didn't know any spells.
Your spell library was empty.

Inventory:

Hand Weapons
 Y - a +0 shortbow (weapon)
Armour
 a - a +0 cloak
 j - +0 ice dragon scales (worn)
 n - a +0 scale mail
Jewellery
 k - a ring of fire (left hand)
Scrolls
 b - a scroll of blinking {unknown}
 l - a scroll of identify
Potions
 d - a potion of brilliance {unknown}
 e - a potion of resistance {unknown}
 f - a potion of curing
 g - a potion of degeneration {unknown}
 h - a potion of mutation
 i - a potion of cancellation {unknown}
 m - a potion of invisibility {unknown}

Dungeon Overview and Level Annotations

Branches:
Dungeon (3/15)

Altars:
Vehumet

Annotations:
D:3 Natasha


Message History

You shoot an arrow. The arrow closely misses the jackal.
You shoot an arrow. The arrow hits the jackal!
You kill the jackal!
Found a whip.
Found a stone staircase leading down.
Natasha, Servant of Life and Death comes into view.
Natasha hisses angrily.
Natasha wildly gestures.
You feel troubled.
You shoot an arrow. The arrow closely misses Natasha.
You shoot an arrow. The arrow closely misses Natasha.
Natasha casts a spell at you. The magic dart hits you.
You shoot an arrow. The arrow hits Natasha.
Natasha is moderately wounded.
Natasha completely misses you. Natasha claws you.
You shoot an arrow. The arrow barely misses Natasha.
Natasha casts a spell at you.
You feel yourself slow down.
You shoot an arrow. The arrow closely misses Natasha.
Natasha claws you but does no damage. Natasha barely misses you.
You shoot an arrow. The arrow barely misses Natasha.
Natasha closely misses you. x2
You shoot an arrow. The arrow hits Natasha.
Natasha is severely wounded.
Natasha drinks a potion.
Natasha is healed!
Natasha claws you.
You shoot an arrow. The arrow hits Natasha!
Natasha is severely wounded.
Natasha barely misses you. Natasha claws you but does no damage.
You shoot an arrow. The arrow closely misses Natasha.
Natasha claws you! Natasha claws you but does no damage.
You shoot an arrow. The arrow closely misses Natasha.
Natasha mumbles some strange words.
Natasha claws you but does no damage.
You shoot an arrow. The arrow barely misses Natasha.
Natasha claws you but does no damage. Natasha barely misses you.
The cerulean imp hits you from afar with a +1 spear.
You shoot an arrow. The arrow closely misses Natasha.
Natasha claws you.
The cerulean imp hits you from afar with a +1 spear.
You die...

#### #..#### #)## ...###
##....# #%%######
#....#######.###...>.).#
#.##......##...%.........
#.#######...[..#.....).##
.....# ######........?#
.....# ###.......# .....#
#.......# <....#
#@#.##.... .....#
.....5h.#....... ######
........#.#..## ........#
..# ........# .#
.....)>.. # .........
........#


You could see Natasha and a cerulean imp (summoned).

Vanquished Creatures
  Natasha (D:3)
  3 adders
  A worm (D:2)
  3 dart slugs (D:1)
  5 bats
  4 endoplasms
  A giant cockroach (D:1)
  10 goblins
  6 hobgoblins
  6 jackals
  A kobold (D:2)
  4 quokkas
  4 ball pythons (D:2)
  2 frilled lizards (D:2)
  A rat (D:1)
52 creatures vanquished.

Notes
Turn   | Place    | Note
-------+----------+-------------------------------------------
     0 | D:1      | qw the Deep Elf Hunter began the quest for the Orb.
     0 | D:1      | Reached XP level 1. HP: 12/12 MP: 3/3
     0 | D:1      | 0 ||| qw: Version: 0.3-a-22-g0ed2b0b
     0 | D:1      | 0 ||| qw: Game counter: 6593
     0 | D:1      | 0 ||| qw: Melee chars always use a shield: true
     0 | D:1      | 0 ||| qw: God list: Okawaru
     0 | D:1      | 0 ||| qw: Allow faded altars: false
     0 | D:1      | 0 ||| qw: Do Orc after clearing Dungeon:15 true
     0 | D:1      | 0 ||| qw: Do second Lair branch before Depths: true
     0 | D:1      | 0 ||| qw: Lair rune preference: random
     0 | D:1      | 0 ||| qw: Goals: Normal
     0 | D:1      | 0 ||| PLANNING D:1-11
   122 | D:1      | Reached skill level 6 in Ranged Weapons
   122 | D:1      | Reached XP level 2. HP: 16/16 MP: 4/4
   607 | D:1      | Reached XP level 3. HP: 20/20 MP: 5/5
   615 | D:1      | 615 ||| UPGRADING to +0 ice dragon scales.
   625 | D:1      | 625 ||| DROPPING +0 leather armour.
   626 | D:1      | 626 ||| READING scroll labelled VOOC HILOF.
   627 | D:1      | 627 ||| READING scroll labelled SECAENG QAPO.
   628 | D:1      | 628 ||| READING 2 scrolls labelled IGAUFORHOEPT.
   629 | D:1      | 629 ||| DRINKING 2 viscous pink potions.
   629 | D:1      | Gained mutation: Your body sometimes deteriorates upon
                  | taking damage. [potion of mutation]
   629 | D:1      | Gained mutation: Your magical capacity is low. (-10% MP)
                  | [potion of mutation]
   629 | D:1      | Lost mutation: Your magical capacity is low. (-10% MP)
                  | [potion of mutation]
   641 | D:1      | 641 ||| DROPPING scroll of butterflies.
   785 | D:2      | Found a faded altar of an unknown god.
   850 | D:2      | Reached skill level 7 in Ranged Weapons
   896 | D:2      | Reached skill level 1 in Armour
   919 | D:2      | Found a radiant altar of Vehumet.
   987 | D:2      | Reached XP level 4. HP: 25/25 MP: 6/6
  1397 | D:2      | 1397 ||| UPGRADING to ring of fire.
  1398 | D:2      | 1398 ||| READING 2 scrolls labelled RIATZEELURPH.
  1399 | D:2      | 1399 ||| READING scroll labelled YVESTIL EHILI.
  1403 | D:2      | 1403 ||| DRINKING 2 purple potions.
  1404 | D:2      | 1404 ||| READING 2 scrolls of identify.
  1404 | D:2      | 1404 ||| IDENTIFYING sedimented ruby potion
  1405 | D:2      | 1405 ||| DROPPING potion of lignification.
  1406 | D:2      | 1406 ||| DROPPING scroll of revelation.
  1444 | D:3      | Noticed Natasha
  1450 | D:3      | Killed Natasha
  1545 | D:3      | Noticed Natasha
  1557 | D:3      | HP: 4/25 [Natasha (3)]
  1557 | D:3      | Slain by a cerulean imp

Levels and vault maps discovered:
D:1:      dreamdust_arrival_beginning_and_end, layout_loops_ring
D:2:      layout_basic, basic_altar, shapermc_ecumenical_altar_mp_vishouse,
          nicolae_figureground_sparkle
D:3:      layout_rooms, serial_glass, glass_columns_c, glass_columns_b,
          uniq_natasha

Skill      XL: |  1  2  3 |
---------------+----------+-----
Ranged Weapons | 6 7 |  7.7
Armour         | 1 |  1.2
Fighting       | |  1.5
Dodging        | |  2.4
Stealth        | |  1.2

Action                     |  1- 3 |  4- 6 || total
---------------------------+-------+-------++-------
   Fire: Shortbow          |   109 |    71 ||   180
    Use: Scroll            |     3 |     3 ||     6
         Potion            |     1 |     1 ||     2
 Armour: Leather armour    |     7 |       ||     7
         Ice dragon scales |    21 |    37 ||    58
  Dodge: Dodged            |    19 |    34 ||    53

Table legend:
 A = Non-vault XP
 B = Vault XP
 C = Vault XP percentage of total XP
 D = Non-vault monster count
 E = Vault monster count
 F = Vault count percentage of total count
                 A         B        C        D         E       F
            +---------+---------+-------+---------+---------+-------
      Total |     135 |      36 |  21.1 |      51 |       1 |   1.9
            +---------+---------+-------+---------+---------+-------
        D:1 |      41 |       0 |   0.0 |      19 |       0 |   0.0
        D:2 |      73 |       0 |   0.0 |      27 |       0 |   0.0
        D:3 |      21 |      36 |  63.2 |       5 |       1 |  16.7
            +---------+---------+-------+---------+---------+-------
